 Dungeon Crawl Stone Soup version 0.30-b1-2-g02819fbbbe (webtiles) character file.

Game seed: 3780572126119209453

12338 Mesmaeker13 the Destroyer (level 11, -1/47 HPs)
             Began as a Vine Stalker Conjurer on June 1, 2023.
             Was a Priest of Vehumet.
             Killed from afar by an oklob plant (19 damage)
             ... with a splash of acid
             ... in a Gauntlet on June 2, 2023.
             The game lasted 00:27:24 (13801 turns).

Mesmaeker13 the Destroyer (Vine Stalker Conjurer)  Turns: 13801, Time: 00:27:25

Health: -1/47      AC:  2    Str:  9    XL:     11   Next: 91%
Magic:  0/25       EV: 12    Int: 22    God:    Vehumet [***...]
Gold:   821        SH:  6    Dex: 14    Spells: 22/29 levels left

rFire   . . .        u - +2 whip (elec)
rCold   . . .        x - +0 buckler
rNeg    . . .        B - +0 troll leather armour
rPois   +            F - +0 helmet
rElec   .            v - +2 cloak
rCorr   .            (no gloves)
SInv    .            n - +1 pair of boots
Will    ++...        (no amulet)
Stlth   ++           I - ring of poison resistance
HPRegen 1.87/turn    i - ring of willpower
MPRegen 0.19/turn

%: no teleportation, guardian spirit
@: corroded
A: fangs 3, regeneration 1, magic shield, antimagic bite, no potion heal 2
a: Renounce Religion


You were in a Gauntlet.
You worshipped Vehumet.
Vehumet was most pleased with you.
You visited 3 branches of the dungeon, and saw 13 of its levels.
You also visited: Gauntlet.

You collected 821 gold pieces.

Inventory:

Hand Weapons
 a - the +8 arbalest of Uskayaw, Muttering {freeze, rF+ Str+2 Dex+2}
   (You took it off a centaur on level 9 of the Dungeon)

   Str:       It affects your strength (+2).
   Dex:       It affects your dexterity (+2).
   rF:        It protects you from fire.
 u - a +2 whip of electrocution (weapon)
Missiles
 p - 20 poisoned darts
Armour
 n - a +1 pair of boots (worn)
 v - a +2 cloak (worn)
 x - a +0 buckler (worn)
 B - a +0 troll leather armour (worn)
 C - the +0 leather armour "Zuipuh" {Drain Str+5 Int+2 Dex+2}
   (You found it on level 6 of the Dungeon)

   Str:       It affects your strength (+5).
   Int:       It affects your intelligence (+2).
   Dex:       It affects your dexterity (+2).
   Drain:     It drains your maximum health when unequipped.
 F - a +0 helmet (worn)
 K - a +2 scale mail of willpower
Magical Staves
 z - a staff of earth
Jewellery
 i - a ring of willpower (right hand)
 w - a ring of resist corrosion
 A - a ring of fire
 I - a ring of poison resistance (left hand)
 N - a +6 ring of intelligence
 P - a ring of ice
Wands
 r - a wand of flame (11)
 t - a wand of acid (2)
Scrolls
 b - 4 scrolls of fog
 h - a scroll of amnesia
 j - a scroll of poison
 y - 3 scrolls of blinking
 D - 2 scrolls of noise
 E - 2 scrolls of enchant weapon
 H - 2 scrolls of immolation
 J - a scroll of vulnerability
 M - a scroll of magic mapping
Potions
 c - a potion of ambrosia
 d - 3 potions of lignification
 e - 2 potions of attraction {unknown}
 g - a potion of might
 l - 2 potions of brilliance {unknown}
 s - 5 potions of curing
 G - 3 potions of heal wounds
 L - a potion of mutation {unknown}
 Q - a potion of haste {unknown}
 R - a potion of flight {unknown}
Miscellaneous
 O - a phial of floods


   Skills:
 - Level 4.7 Dodging
 - Level 3.8 Stealth
 + Level 6.9 Shields
 + Level 9.7 Spellcasting
 + Level 10.3 Conjurations
 + Level 9.1 Hexes


You had 22 spell levels left.
You knew the following spells:

 Your Spells              Type           Power      Damage    Failure   Level
a - Magic Dart            Conj           100%       1d8       1%          1
b - Searing Ray           Conj           100%       2d8       1%          2
c - Fulminant Prism       Conj/Hex       26%        3d14      1%          4

Your spell library contained the following spells:

 Spells                   Type           Power      Damage    Failure   Level
 Hailstorm                Conj/Ice       33%        3d8       1%          3
 Momentum Strike          Conj/Tloc      66%        3d9       1%          2
 Dazzling Flash           Conj/Hex       100%       N/A       1%          3
 Iskenderun's Mystic Bla  Conj/Tloc      33%        2d8       4%          4
 Portal Projectile        Hex/Tloc       60%        N/A       5%          3
 Blink                    Tloc           20%        N/A       19%         2
 Lesser Beckoning         Tloc           20%        N/A       19%         2
 Leda's Liquefaction      Hex/Erth       15%        N/A       19%         4
 Call Canine Familiar     Summ           10%        N/A       36%         3
 Summon Lightning Spire   Summ/Air       10%        N/A       77%         4
 Storm Form               Tmut/Air       5%         N/A       100%        7
 Maxwell's Capacitive Co  Air            5%         ∞         100%        8


Dungeon Overview and Level Annotations

Branches:
Dungeon (10/15)            Temple (1/1) D:4            Lair (2/5) D:10
    Orc (0/2) D:10        Gauntlet (1/1)
  Swamp: Lair:2-3    Shoals: Lair:2-3     Snake: Lair:2-3    Spider: Lair:2-3

Altars:
Ashenzari
Cheibriados
Dithmenos
Elyvilon
Fedhas
Gozag
Kikubaaqudgha
Makhleb
Nemelex Xobeh
Okawaru
Qazlal
Ru
Sif Muna
Trog
Vehumet
Wu Jian
Yredelemnul
The Shining One

Annotations:
D:8 2 transporters, Dirian's ghost, novice MiBe
D:9 2 exclusions
Lair:2 2 transporters, Xudgha's ghost, journeyman MiFi Gauntlet 13 transporters, 3 runed translucent doors, exclusions: obsidian statue and oklob plant


Innate Abilities, Weirdness & Mutations

You have razor-sharp teeth.
Your natural rate of healing is unusually fast.
When hurt, damage is shared between your health and your magic reserves.
Your bite disrupts and absorbs the magic of your enemies.
Potions cannot restore your health.


Message History

A fulminant prism comes into view.
Unknown command.
Casting: Fulminant Prism (dangerous; 1% risk of failure)
Confirm with . or Enter, or press ? or * to list all spells.
Aiming: Searing Ray (safe; 1% risk of failure)
Press: ? - help, Shift-Dir - straight line, f - oklob plant
Aim: an oklob plant (ally target, 100% to hit)
The searing ray hits the oklob plant.
The oklob plant is lightly damaged. (Press . to maintain the ray.)
Your fulminant prism crackles loudly.
The oklob plant spits acid at you. The splash of acid hits you!!
The acid corrodes you!
The searing ray hits the oklob plant.
The oklob plant is lightly damaged.
Your fulminant prism explodes!
The blast of energy engulfs the oklob plant!!
The oklob plant is heavily damaged.
The blast of energy engulfs you.
Unknown command.
The searing ray hits the oklob plant.
The oklob plant is heavily damaged.
The searing ray hits the oklob plant but does no damage.
The oklob plant is heavily damaged.
You finish channelling your searing ray.
Casting: Searing Ray (safe; 1% risk of failure)
Confirm with . or Enter, or press ? or * to list all spells.
Aiming: Searing Ray (safe; 1% risk of failure)
Press: ? - help, Shift-Dir - straight line, f/p - oklob plant
Aim: an oklob plant (heavily damaged, 100% to hit)
The searing ray hits the oklob plant.
The oklob plant is heavily damaged. (Press . to maintain the ray.)
The oklob plant spits acid at you. The splash of acid hits you!!
The acid corrodes you!
The searing ray hits the oklob plant.
The oklob plant is severely damaged.
The oklob plant spits acid at you. The splash of acid hits you!!
You die...

.#.#.#...###.#..P♣..≈≈#
.#.#..##...#.#...PP..≈#
.#.#########.#.♣PPP♣..####
.#©#.......#.#.........≈≈#
.###...♣...#.#########..≈#
.#...P..PP.#.###..##.#...##
.#...#≈#≈#.#.#.P##..##.∩.≈##
##.P.≈≈≈≈≈.#.#!.#[##.#...≈≈##
...♣P#≈#≈#.#©#©#@©#.##©.♣≈≈≈#
##..P≈≈≈≈≈.#.#}#.#.#.#...≈≈##
.#..P#≈#≈#.#.#.##..#.#.∩.≈##
.#.....PP..#.##..##.##...##
.###..P♣...#.#########..≈#
.#©#.......#.#.........≈≈#
.#.#########.#.♣.PP♣..####
.#.#w......#.#.PP.P..≈#
.#.#.###+#.#.#.PP♣..≈≈#


You could see an oklob plant.

Vanquished Creatures
  A hydra (D:9)
  A centaur warrior (D:10)
  A two-headed ogre (D:9)
  A tengu warrior (D:10)
  A fire crab (D:10)
  4 cane toads (Lair:1)
  A rime drake (Lair:1)
  A komodo dragon (Lair:1)
  An unseen horror (D:8)
  2 trolls
  Prince Ribbit (D:9)
  3 blink frogs (Lair:1)
  A polar bear (Lair:1)
  Grinder (D:4)
  A slime creature (D:10)
  5 yaks (D:10)
  A wyvern (Lair:1)
  A basilisk (Lair:1)
  A fire bat (shapeshifter) (D:10)
  A steam dragon (D:9)
  Menkaure (D:6)
  3 water moccasins
  3 acid dragons
  2 sky beasts
  4 orc warriors
  A black bear (D:6)
  3 ice beasts
  An ogre (D:6)
  5 centaurs
  A phantom (D:6)
  4 bullfrogs
  3 kobold brigands
  3 scorpions
  6 wights
  3 killer bees (D:8)
  A howler monkey (D:6)
  Crazy Yiuf (D:4)
  5 orc priests
  3 gnoll boudas
  4 hounds
  3 iron imps (D:9)
  2 jellies (D:6)
  Jessica (D:2)
  2 iguanas
  6 orc wizards
  A sleepcap (D:5)
  15 gnolls
  12 adders
  A shadow imp (D:5)
  3 white imps
  An ufetubus (D:5)
  2 worms
  6 dart slugs
  44 orcs
  11 endoplasms
  6 giant cockroaches
  A goblin (D:1)
  4 hobgoblins
  4 jackals (D:3)
  19 kobolds
  7 quokkas
  6 ball pythons
  5 bats
  4 frilled lizards
  5 rats
258 creatures vanquished.

Vanquished Creatures (others)
  A demonic plant (Gauntlet)
  74 fulminant prisms
  7 fungi
  4 plants
86 creatures vanquished.

Grand Total: 344 creatures vanquished

Notes
Turn   | Place    | Note
-------+----------+-------------------------------------------
     0 | D:1      | Mesmaeker13 the Vine Stalker Conjurer began the quest for
                  | the Orb.
     0 | D:1      | Reached XP level 1. HP: 9/9 MP: 4/4
   172 | D:1      | Found a faded altar of an unknown god.
   189 | D:1      | Reached XP level 2. HP: 13/13 MP: 3/6
   837 | D:2      | Reached XP level 3. HP: 16/16 MP: 2/7
   840 | D:2      | Learned a level 2 spell: Searing Ray
  1141 | D:2      | Gained mutation: Your natural rate of healing is unusually
                  | fast. [Vine Stalker growth]
  1141 | D:2      | Reached XP level 4. HP: 21/21 MP: 1/9
  1252 | D:2      | Found a bloodstained altar of Trog.
  1633 | D:2      | Noticed Jessica
  1637 | D:2      | Killed Jessica
  1638 | D:2      | Reached XP level 5. HP: 20/24 MP: 4/10
  1809 | D:3      | Learned a level 4 spell: Fulminant Prism
  1942 | D:3      | Reached skill level 1 in Hexes
  2371 | D:3      | Reached XP level 6. HP: 28/28 MP: 10/12
  2497 | D:3      | Found a basalt altar of Yredelemnul.
  2759 | D:2      | Reached skill level 5 in Conjurations
  3319 | D:4      | Noticed Grinder
  3335 | D:4      | Paralysed by Grinder for 2 turns
  3348 | D:4      | Killed Grinder
  3349 | D:4      | Reached XP level 7. HP: 26/32 MP: 1/14
  3840 | D:4      | Found a staircase to the Ecumenical Temple.
  3849 | Temple   | Entered the Ecumenical Temple
  3856 | Temple   | Became a worshipper of Vehumet
  4516 | D:4      | Found a runed translucent door.
  4517 | D:4      | Noticed Crazy Yiuf
  4524 | D:4      | Killed Crazy Yiuf
  4691 | D:4      | Found a sparkling altar of Nemelex Xobeh.
  4881 | D:5      | Entered Level 5 of the Dungeon
  5306 | D:5      | Reached * piety under Vehumet
  5306 | D:5      | Offered knowledge of Sandblast by Vehumet.
  5461 | D:5      | Gained mutation: You have razor-sharp teeth. [Vine Stalker
                  | growth]
  5461 | D:5      | Reached XP level 8. HP: 36/36 MP: 9/16
  5699 | D:6      | Reached skill level 6 in Conjurations
  5718 | D:6      | Reached skill level 5 in Spellcasting
  5752 | D:6      | Noticed Menkaure
  5760 | D:6      | Killed Menkaure
  6125 | D:6      | Identified the +0 leather armour "Zuipuh" {Drain Str+5
                  | Int+2 Dex+2}
  6429 | D:6      | Reached XP level 9. HP: 34/39 MP: 5/18
  6860 | D:6      | Reached skill level 1 in Shields
  7182 | D:7      | Reached skill level 7 in Conjurations
  7182 | D:7      | Reached skill level 5 in Hexes
  7473 | D:7      | Offered knowledge of Shock by Vehumet.
  7536 | D:7      | Reached ** piety under Vehumet
  7655 | D:7      | Noticed a troll
  7728 | D:7      | Killed a troll
  8624 | D:8      | HP: 1/39 [orc priest/divine providence (6)]
  8734 | D:8      | Killed an unseen horror
  8786 | D:8      | Reached skill level 8 in Conjurations
  8786 | D:8      | Reached XP level 10. HP: 44/44 MP: 17/21
  8941 | D:8      | Found an iron altar of Okawaru.
  8968 | D:8      | Offered knowledge of Poisonous Vapours by Vehumet.
  9189 | D:8      | Found a transporter.
  9189 | D:8      | Found a transporter.
  9189 | D:8      | Noticed Dirian's ghost (novice MiBe)
  9308 | D:9      | Found an ancient bone altar of Kikubaaqudgha.
  9309 | D:9      | Noticed a two-headed ogre
  9367 | D:9      | Found a burning altar of Makhleb.
  9623 | D:9      | Noticed a four-headed hydra
  9671 | D:9      | Killed a four-headed hydra
  9765 | D:9      | Found a sacrificial altar of Ru.
  9801 | D:9      | Found the +1 robe of Vines {NoPotionHeal Regen++++}
  9811 | D:9      | Noticed Prince Ribbit
  9815 | D:9      | Killed Prince Ribbit
  9815 | D:9      | Reached *** piety under Vehumet
  9990 | D:9      | Identified the +8 arbalest of Uskayaw, Muttering {freeze,
                  | rF+ Str+2 Dex+2}
 10188 | D:9      | Killed a two-headed ogre
 10189 | D:9      | Reached skill level 5 in Shields
 10189 | D:9      | Reached skill level 9 in Conjurations
 10501 | D:10     | Entered Level 10 of the Dungeon
 10566 | D:10     | Found a staircase to the Lair.
 10568 | D:10     | Noticed a fire crab
 10585 | D:10     | Killed a fire crab
 10586 | D:10     | Reached XP level 11. HP: 45/47 MP: 4/24
 10841 | D:10     | Noticed a centaur warrior
 10846 | D:10     | Found a broken altar of Ashenzari.
 10864 | D:10     | Noticed a tengu warrior
 10903 | D:10     | Killed a tengu warrior
 11035 | D:10     | Killed a centaur warrior
 11502 | D:10     | Found a staircase to the Orcish Mines.
 11895 | Lair:1   | Entered Level 1 of the Lair of Beasts
 12305 | Lair:1   | Offered knowledge of Hailstorm by Vehumet.
 12342 | Lair:1   | Reached skill level 10 in Conjurations
 13434 | Lair:2   | Noticed a spriggan rider
 13434 | Lair:2   | Noticed a moth of wrath
 13435 | Lair:2   | Noticed Xudgha's ghost (journeyman MiFi)
 13438 | Lair:2   | Found a bloodstained altar of Trog.
 13456 | Lair:2   | Found a transporter.
 13462 | Lair:2   | Found a transporter.
 13468 | Lair:2   | Found a gate leading to a gauntlet.
 13477 | Gauntlet | Entered a Gauntlet
 13477 | Gauntlet | Found a transporter.
 13484 | Gauntlet | Noticed an oklob plant
 13485 | Gauntlet | Found a transporter.
 13486 | Gauntlet | Found a transporter.
 13499 | Gauntlet | Found a transporter.
 13500 | Gauntlet | Found a transporter.
 13502 | Gauntlet | Noticed a reaper
 13509 | Gauntlet | Noticed a hell beast
 13513 | Gauntlet | Found a transporter.
 13520 | Gauntlet | Found a runed translucent door.
 13527 | Gauntlet | Found a transporter.
 13538 | Gauntlet | Found a transporter.
 13541 | Gauntlet | Noticed an obsidian statue
 13550 | Gauntlet | Found a transporter.
 13551 | Gauntlet | Noticed a great orb of eyes
 13559 | Gauntlet | Noticed a purple ugly thing
 13563 | Gauntlet | Noticed a white ugly thing
 13565 | Gauntlet | Found a transporter.
 13577 | Gauntlet | Found a runed translucent door.
 13579 | Gauntlet | Found a transporter.
 13579 | Gauntlet | Found a transporter.
 13582 | Gauntlet | Found a runed translucent door.
 13619 | Gauntlet | Found a transporter.
 13633 | Gauntlet | Found a transporter.
 13801 | Gauntlet | Killed from afar by an oklob plant

Illustrated notes

Levels and vault maps discovered:
D:1:      kennysheep_arrival_seaside, layout_rooms, basic_ecumenical_altar
D:2:      layout_rooms, basic_altar, kennysheep_jessica_study
D:3:      layout_rooms, lemuel_coloured_pillars_altar, serial_corexii_hall,
          corexii_hall_statues_u, chequers_hall_statues_wall_a,
          chequers_serial_rivers_small_b
D:4:      layout_layer_cave, nemelex_dance_club_becter,
          minmay_temple_entry_slanted, nicolae_figureground_sparkle,
          uniq_crazy_yiuf_cottage, uniq_grinder
D:5:      layout_rooms
D:6:      layout_basic, uniq_menkaure
D:7:      layout_gridville, kennysheep_generic_room_3
D:8:      layout_cave_pools, mainiacjoe_overflow_24_doors, gammafunk_ghost_hive,
          kennysheep_generic_room_13
D:9:      layout_basic, nicolae_ru_the_path_less_chosen,
          mainiacjoe_overflow_paths, demons_altar, dreamdust_princess_bridge,
          hellmonk_guarded_unrand_vines, uniq_prince_ribbit1
D:10:     minmay_bloctagon_deflated, layout_cave_pods,
          mainiacjoe_overflow_catwalk, minmay_lair_entry_lava
Temple:   hellmonk_temple_two_chambers
Lair:1:   layout_cave_pods
Lair:2:   layout_cave_pods, nicolae_volcano_entry_two_sided,
          gammafunk_ghost_wrathful_warriors, gauntlet_entry_generic,
          minivault_24
Gauntlet: minmay_gauntlet_77_tree [minmay_gauntlet_arena_77_mess,
          minmay_gauntlet_arena_77_shame_cube,
          minmay_gauntlet_arena_77_squiggly, minmay_gauntlet_arena_77_two_paths,
          minmay_gauntlet_arena_77_museum, minmay_gauntlet_arena_77_block_sizes,
          minmay_gauntlet_arena_77_path, dreamdust_gauntlet_exit_labyrinth]

Skill      XL: |  1  2  3  4  5  6  7  8  9 10 11 |
---------------+----------------------------------+-----
Dodging        | 2 3 4 |  4.7
Stealth        | 3 |  3.8
Spellcasting   | 3 4 5 7 8 9 |  9.7
Hexes          | 1 2 3 4 6 7 9 |  9.1
Conjurations   | 5 6 8 9 10 | 10.3
Shields        | 3 5 6 |  6.9

Action                     |  1- 3 |  4- 6 |  7- 9 | 10-12 || total
---------------------------+-------+-------+-------+-------++-------
  Melee: Trident           |     8 |    11 |       |       ||    19
         Bite              |     1 |     2 |    17 |    21 ||    41
         Whip              |       |     3 |    52 |    65 ||   120
         Punch             |       |     1 |     1 |     1 ||     3
   Cast: Magic Dart        |    62 |    81 |   111 |    52 ||   306
         Searing Ray       |     1 |    11 |    43 |    31 ||    86
         Fulminant Prism   |       |     1 |    16 |    57 ||    74
  Evoke: Wand              |       |       |    23 |    10 ||    33
         Phial of floods   |       |       |       |     1 ||     1
    Use: Scroll            |       |     2 |     9 |    10 ||    21
         Potion            |       |       |     3 |     6 ||     9
   Stab: Invisible         |       |       |       |     2 ||     2
 Armour: Robe              |     1 |     5 |    44 |     3 ||    53
         Troll leather arm |       |       |       |    36 ||    36
         Skin              |       |       |       |    35 ||    35
  Dodge: Dodged            |    11 |    20 |    82 |    89 ||   202
  Block: Buckler           |       |       |       |    41 ||    41
